 Dungeon Crawl Stone Soup version 0.31.0-32-g396128a36d (webtiles) character file.

Game seed: 14755660345820099661

239 Engrim the Magician (level 5, -4/35 HPs)
             Began as a Demonspawn Hedge Wizard on Mar 25, 2024.
             Slain by a sleepcap (16 damage)
             ... on level 4 of the Dungeon.
             The game lasted 00:15:03 (4772 turns).

Engrim the Magician (Demonspawn Hedge Wizard)       Turns: 4772, Time: 00:15:04

Health: -4/35      AC:  5    Str:  8    XL:     5   Next: 79%
Magic:  4/11       EV:  2    Int: 14    God:
Gold:   144        SH:  0    Dex: 21    Spells: 9/12 levels left

rFire   . . .        (no weapon)
rCold   . . .        (no shield)
rNeg    . . .        b - +0 robe
rPois   .            c - +1 hat
rElec   .            (no cloak)
rCorr   .            (no gloves)
SInv    .            (no boots)
Will    .....        p - amulet of the acrobat
Stlth   ++           h - +5 ring of evasion
HPRegen 0.25/turn    (no ring)
MPRegen 0.12/turn

%: acrobat
@: sleeping
A: hooves 1, slimy green scales 1, powered by death 2, agile 2, MP-powered wands
a: no special abilities


You were on level 4 of the Dungeon.
You visited 1 branch of the dungeon, and saw 4 of its levels.

You collected 144 gold pieces.

Inventory:

Hand Weapons
 a - a +0 dagger
Missiles
 g - a throwing net
Armour
 b - a +0 robe (worn)
 c - a +1 hat (worn)
Jewellery
 h - a +5 ring of evasion (left hand)
 p - an amulet of the acrobat (around neck)
Wands
 k - a wand of charming (17)
 r - a wand of flame (14)
Scrolls
 f - a scroll of teleportation
 i - a scroll of enchant armour
 l - a scroll of identify
 m - 2 scrolls of revelation
 v - a scroll of immolation
Potions
 d - a potion of magic
 e - a potion of curing
 j - a potion of mutation


   Skills:
 + Level 0.1 Short Blades
 + Level 2.3 Dodging
 + Level 2.1 Stealth
 * Level 4.0 Spellcasting
 * Level 2.9 Conjurations
 * Level 3.4 Summonings
 + Level 0.8 Translocations


You had 9 spell levels left.
You knew the following spells:

 Your Spells              Type           Power      Damage    Failure   Level
a - Magic Dart            Conj           40%        1d5       6%          1
b - Call Imp              Summ           24%        N/A       7%          2

Your spell library contained the following spells:

 Spells                   Type           Power      Damage    Failure   Level
 Slow                     Hex            8%         N/A       19%         1
 Blink                    Tloc           10%        N/A       21%         2
 Cigotuvi's Dreadful Rot  Necr/Alch/Air  4%         N/A       28%         2
 Mephitic Cloud           Conj/Alch/Air  5%         N/A       36%         3


Dungeon Overview and Level Annotations

Branches:
Dungeon (4/15)
 Temple: D:4-7

Altars:
Uskayaw
Wu Jian


Innate Abilities, Weirdness & Mutations

You have large cloven feet.
You are partially covered in slimy green scales. (AC +2)
You regenerate health from kills.
You are very agile. (Dex +8, Str/Int -2)
You expend magic power (3 MP) to strengthen your wands.


Message History

Aim: a sleepcap (heavily damaged, not watching you, ally target, 100% to hit)
The magic dart hits the sleepcap.
The sleepcap is heavily damaged.
The sleepcap closely misses you.
Your cerulean imp hits the sleepcap but does no damage.
Unknown command.
Casting: Magic Dart (safe; 6% risk of failure)
Confirm with . or Enter, or press ? or * to list all spells.
Aiming: Magic Dart (safe; 6% risk of failure)
Press: ? - help, Shift-Dir - straight line, f/p - sleepcap
Aim: a sleepcap (heavily damaged, ally target, 100% to hit)
The magic dart hits the sleepcap but does no damage.
The sleepcap is heavily damaged.
The sleepcap closely misses you.
Your cerulean imp hits the sleepcap with a -3 spear.
Unknown command.
Casting: Magic Dart (safe; 6% risk of failure)
Confirm with . or Enter, or press ? or * to list all spells.
Aiming: Magic Dart (safe; 6% risk of failure)
Press: ? - help, Shift-Dir - straight line, f/p - sleepcap
Aim: a sleepcap (severely damaged, ally target, 100% to hit)
The magic dart hits the sleepcap.
The sleepcap is almost destroyed.
The sleepcap misses you.
Your cerulean imp hits the sleepcap but does no damage.
Casting: Magic Dart (safe; 6% risk of failure)
Confirm with . or Enter, or press ? or * to list all spells.
Aiming: Magic Dart (safe; 6% risk of failure)
Press: ? - help, Shift-Dir - straight line, f/p - sleepcap
Aim: a sleepcap (almost destroyed, not watching you, ally target, 100% to hit)
The magic dart hits the sleepcap but does no damage.
The sleepcap is almost destroyed.
The sleepcap releases spores at you.
You are engulfed in a cloud of soporific spores!
You fall asleep.
Your cerulean imp hits the sleepcap but does no damage.
The sleepcap barely misses you.
Your cerulean imp hits the sleepcap but does no damage.
The sleepcap releases spores at you!
You die...

'. ..##.# .##..... ##..#..#..
##........## # ######....#..#..
.# #. ####
#.........#..#.##.###.######...
#............#........#...##.##
###.........##5f@...#
#.....#.##
.##.........##(#.####
#......... .##............#.##
#.....#.## ............###...#
##...##.<. #####.####### #...#
##.###### #.......# #...#
##.<.#### #..####.# #...#
#........
#..####.####...#######.....###
#...................##........


You could see a sleepcap (ally target) and a friendly cerulean imp (summoned).

Vanquished Creatures
  2 bombardier beetles (D:3)
  6 adders
  2 dart slugs
  A ribbon worm (D:2)
  4 orcs
  5 ball pythons
  3 bats
  7 endoplasms
  A giant cockroach (D:3)
  2 goblins
  2 hobgoblins
  3 jackals (D:1)
  5 quokkas
  A frilled lizard (D:1)
  2 kobolds
46 creatures vanquished.

Vanquished Creatures (collateral kills)
  Jessica (D:2)
  2 adders (D:2)
  A dart slug (D:3)
  An orc (D:3)
  3 endoplasms
  3 goblins (D:2)
  A hobgoblin (D:2)
  2 quokkas
  A ball python (D:3)
  A bat (D:1)
  A frilled lizard (D:1)
  A kobold (D:2)
  A rat (D:2)
19 creatures vanquished.

Vanquished Creatures (others)
  A butterfly (D:3)
1 creature vanquished.

Grand Total: 66 creatures vanquished

Notes
Turn   | Place    | Note
-------+----------+-------------------------------------------
     0 | D:1      | Engrim the Demonspawn Hedge Wizard began the quest for the
                  | Orb.
     0 | D:1      | Reached XP level 1. HP: 13/13 MP: 4/4
   321 | D:1      | Gained mutation: You are partially covered in slimy green
                  | scales. (AC +2) [demonic ancestry]
   321 | D:1      | Reached XP level 2. HP: 19/19 MP: 3/6
   863 | D:1      | Learned a level 2 spell: Call Imp
  1496 | D:2      | Gained mutation: You have large cloven feet. [demonic
                  | ancestry]
  1496 | D:2      | Reached XP level 3. HP: 17/24 MP: 4/7
  1842 | D:2      | Gained mutation: You regenerate a little health from kills.
                  | [demonic ancestry]
  1842 | D:2      | Reached XP level 4. HP: 20/30 MP: 1/9
  1995 | D:2      | Noticed Jessica
  2008 | D:2      | Killed Jessica
  3093 | D:3      | Gained mutation: You regenerate health from kills. [demonic
                  | ancestry]
  3093 | D:3      | Reached XP level 5. HP: 31/35 MP: 0/10
  3393 | D:3      | Found a hide-covered altar of Uskayaw.
  4165 | D:3      | Gained mutation: You expend magic power (3 MP) to
                  | strengthen your wands. [potion of mutation]
  4165 | D:3      | Gained mutation: You are agile. (Dex +4, Str/Int -1)
                  | [potion of mutation]
  4165 | D:3      | Gained mutation: You are very agile. (Dex +8, Str/Int -2)
                  | [potion of mutation]
  4446 | D:4      | Reached skill level 4 in Spellcasting
  4722 | D:4      | Found an ornate altar of the Wu Jian Council.
  4772 | D:4      | Slain by a sleepcap

Illustrated notes

Levels and vault maps discovered:
D:1:      kilobyte_arrival_exit_the_forest, layout_loops_ring
D:2:      layout_basic, minmay_misc_feat_pillars, uniq_jessica
D:3:      layout_basic, nicolae_elyvilon_peaceful_grove,
          mainiacjoe_overflow_alcove_1, serial_bayou_ford_a
D:4:      layout_loops_cross, mainiacjoe_overflow_alcove_2,
          kennysheep_windowed_goal

Skill      XL: |  1  2  3  4  5 |
---------------+----------------+-----
Stealth        | 2 |  2.1
Summonings     | 2 3 |  3.4
Dodging        | 2 |  2.3
Conjurations   | 2 |  2.9
Spellcasting   | 4 |  4.0
Short Blades   | |  0.1
Translocations | |  0.8

Action                     |  1- 3 |  4- 6 || total
---------------------------+-------+-------++-------
  Melee: Dagger            |    43 |       ||    43
         Kick              |     7 |       ||     7
   Cast: Magic Dart        |    48 |   117 ||   165
         Call Imp          |    19 |     6 ||    25
    Use: Scroll            |       |     7 ||     7
         Potion            |       |     6 ||     6
 Armour: Robe              |    54 |    20 ||    74
  Dodge: Dodged            |    81 |    24 ||   105
